 Dungeon Crawl Stone Soup version 0.29.1-12-g30fa7ad0bf (webtiles) character file.

Game seed: 12211575998754579000

2395 DildoBatman the Magician (level 9, -3/68 HPs)
             Began as a Formicid Conjurer on Dec 14, 2022.
             Slain by an orc warrior
             ... wielding a +0 battleaxe
              (15 damage)
             ... in a bailey.
             The game lasted 00:25:03 (4958 turns).

DildoBatman the Magician (Formicid Conjurer)        Turns: 4958, Time: 00:25:04

Health: -3/68      AC:  2    Str: 12    XL:     9   Next: 74%
Magic:  27/27      EV: 21    Int: 22    God:
Gold:   286        SH:  0    Dex: 17    Spells: 11/20 levels left

rFire   . . .      SeeInvis .   (weapon currently unavailable)
rCold   . . .      Faith    .   (shield currently unavailable)
rNeg    . . .      Spirit   .   (body armour currently unavailable)
rPois   x          Reflect  .   (helmet unavailable)
rElec   .          Harm     .   (cloak currently unavailable)
rCorr   .          Rampage  .   (gloves currently unavailable)
Will    +....                   (boots currently unavailable)
Stlth   ++........              r - amulet of regeneration
HPRegen 1.01/turn               f - ring of magical power
MPRegen 0.20/turn               w - ring of willpower

@: spider-form
A: venomous fangs, permanent stasis, dig shafts and tunnels, tiny, (antennae 3),
four strong arms
a: End Transformation


You were in a bailey.
You were a venomous arachnid creature.
You visited 2 branches of the dungeon, and saw 10 of its levels.
You also visited: Sewer and Bailey.

You collected 286 gold pieces.

Inventory:

Hand Weapons
 a - the +3 dagger "Dilafimi" (melded) {vorpal, Contam Fly rCorr Int+9}
   (You found it on level 5 of the Dungeon)

   It inflicts extra damage upon your enemies.
   Int:       It affects your intelligence (+9).
   Fly:       It grants you flight.
   Contam:    It causes magical contamination when unequipped.
   rCorr:     It protects you from acid and corrosion.
Missiles
 j - 9 stones
 q - 3 poisoned darts
Armour
 e - a scarf of resistance
 o - a +0 cloak (melded)
 A - a +0 troll leather armour (melded)
Jewellery
 d - a ring of fire
 f - a ring of magical power (left front leg)
 r - an amulet of regeneration (around neck)
 w - a ring of willpower (right front leg)
 z - a +4 ring of slaying
Wands
 k - a wand of roots (10)
 x - a wand of charming (4)
Scrolls
 c - a scroll of noise {unknown}
 h - a scroll of fog {unknown}
 i - a scroll of enchant armour {unknown}
 m - a scroll of immolation
 n - a scroll of poison
 s - a scroll of brand weapon {unknown}
 y - a scroll of summoning {unknown}
 C - a scroll of magic mapping
Potions
 b - 2 potions of magic
 g - a potion of brilliance {unknown}
 l - 3 potions of curing
 p - a potion of lignification {unknown}
 t - a potion of haste
 u - 4 potions of flight
 v - 3 potions of might
 B - a potion of experience


   Skills:
 - Level 5.0 Fighting
 - Level 5.2 Armour
 - Level 4.1 Dodging
 - Level 2.4 Stealth
 - Level 6.3 Spellcasting
 - Level 6.0 Conjurations
 * Level 2.7 Transmutations
 - Level 4.0 Fire Magic


You had 11 spell levels left.
You knew the following spells:

 Your Spells              Type           Power      Damage    Failure   Level
a - Searing Ray           Conj           66%        2d6       5%          2
b - Conjure Flame         Conj/Fire      29%        6-21      11%         3
c - Magic Dart            Conj           100%       1d8       4%          1
d - Spider Form           Tmut/Pois      13%        N/A       34%         3

Your spell library contained the following spells:

 Spells                   Type           Power      Damage    Failure   Level
 Wereblood                Tmut           19%        N/A       13%         2
 Dazzling Flash           Conj/Hex       40%        N/A       21%         3
 Ignite Poison            Fire/Tmut/Pois 16%        N/A       26%         3
 Sticky Flame             Conj/Fire      29%        2d5       26%         4
 Ensorcelled Hibernation  Hex/Ice        14%        N/A       30%         2
 Sublimation of Blood     Necr           7%         N/A       30%         2
 Lesser Beckoning         Tloc           7%         N/A       47%         3
 Fulminant Prism          Conj/Hex       10%        3d9       47%         4
 Iskenderun's Mystic Bla  Conj/Tloc      20%        2d6       47%         4
 Anguish                  Hex/Necr       3%         N/A       83%         4
 Manifold Assault         Tloc           7%         N/A       98%         5
 Summon Hydra             Summ           3%         N/A       100%        7
 Blink                    Tloc           Unusable   N/A       N/A         2

Dungeon Overview and Level Annotations

Branches:
Dungeon (9/15)             Temple (1/1) D:5           Sewer (visited)
 Bailey (1/1)
   Lair: D:8-11         Orc: D:9-12

Altars:
Ashenzari
Dithmenos
Gozag
Makhleb
Nemelex Xobeh
Qazlal
Ru
Sif Muna
Trog
Uskayaw
Wu Jian
Yredelemnul
Zin
The Shining One

Shops:
D:7 *

Annotations:
D:2 Jessica
D:3 Sigmund, Terence
D:6 exclusion: scorpion
D:7 exclusion: wizard
D:9 Harold


Innate Abilities, Weirdness & Mutations

You are a venomous arachnid creature.
You have poisonous fangs.
You are tiny and dextrous.
Your spellcasting is less reliable in this form.
Your armour is entirely melded.
You are incapable of wielding weapons or throwing items.
You cannot be hasted, slowed, berserked, paralysed or teleported.
You can dig through walls and to a lower floor.
((You have a pair of large antennae on your head. (SInv)))
Your four strong arms can wield two-handed weapons with a shield.


Message History

Casting: Spider Form (dangerous; 11% risk of failure)
Confirm with . or Enter, or press ? or * to list all spells.
You turn into a venomous arachnid creature.
The +3 dagger "Dilafimi" {vorpal, Contam Fly rCorr Int+9} melds into your body.
Your +0 cloak melds into your body.
Your +0 troll leather armour melds into your body.
You float gracefully downwards.
The orc warrior completely misses you.
The orc warlord roars a battlecry!
The orc warrior goes into a battle-frenzy!
The orc warrior barely misses you. The gnoll misses you.
The orc warrior attacks as you move away!
The orc warrior completely misses you.
The orc warrior hits you with a +0 battleaxe!!
You see here a book of Blood.
You pick up a book of Blood and begin reading...
You add the spells Sublimation of Blood, Wereblood and Summon Hydra to your library.
The orc warrior completely misses you. The gnoll completely misses you.
The orc warrior misses you. The orc warrior misses you. x2
The orc warrior no longer looks unusually strong.
The orc warlord barely misses you.
The orc warrior attacks as you move away!
The orc warrior completely misses you.
The orc warlord roars a battlecry!
The orc warrior goes into a battle-frenzy!
The orc warrior closely misses you.
The orc warlord attacks as you move away!
The orc warlord hits you with a +6 battleaxe!
The orc warlord attacks as you move away!
The orc warlord hits you with a +6 battleaxe.
The orc warrior attacks as you move away!
The orc warrior misses you.
The orc warrior attacks as you move away!
The orc warrior hits you with a +0 war axe.
The orc warrior attacks as you move away!
The orc warrior hits you with a +0 battleaxe!
You die...

#.....).....#...........#
#.......))..#...........#
###.))).....###...o.....###
##.#)#.....###.###.....#'#.###
....)###.###.....###.###o....##
..)....###.........###.........#
........#..........##8.........!
)..)o...#....g.o....#8..........
..⌠.....#......os...'.....⌠....∩
).......#......o....#8..........
........#..........##8..........
.......###.........###.........#
...).###.###.....###.###.....##
##.#)#.....###.###.....#'#.###
###.))......###.........###
#...........#...........#
#....)o.....#...........#


You could see an orc warlord, 2 orc warriors and a gnoll.

Vanquished Creatures
  A troll (D:9)
  A water moccasin (D:6)
  12 orc warriors
  2 ogres (D:6)
  A phantom (D:6)
  A bullfrog (D:7)
  2 necrophages
  2 orc priests
  2 iguanas
  A merfolk siren (Sewer)
  2 orc wizards
  A merfolk avatar (Sewer)
  11 gnolls
  6 adders
  2 river rats (D:3)
  2 ufetubi
  A dart slug (D:1)
  16 orcs
  3 endoplasms (D:3)
  7 giant cockroaches
  20 goblins
  14 hobgoblins
  5 quokkas
  6 ball pythons
  6 bats
  8 frilled lizards
  2 kobolds
  33 rats
170 creatures vanquished.

Notes
Turn   | Place    | Note
-------+----------+-------------------------------------------
     0 | D:1      | DildoBatman the Formicid Conjurer began the quest for the
                  | Orb.
     0 | D:1      | Reached XP level 1. HP: 13/13 MP: 3/3
   263 | D:1      | Reached XP level 2. HP: 20/20 MP: 5/5
   266 | D:1      | Learned a level 2 spell: Searing Ray
   649 | D:2      | Reached skill level 1 in Fighting
   649 | D:2      | Reached skill level 1 in Armour
   652 | D:2      | Reached XP level 3. HP: 26/26 MP: 6/6
   656 | D:2      | Learned a level 3 spell: Conjure Flame
   686 | D:2      | Found a faded altar of an unknown god.
  1022 | D:2      | Noticed Jessica
  1027 | D:2      | You fall into a shaft and drop 1 floor!
  1081 | D:3      | Reached XP level 4. HP: 11/32 MP: 8/8
  1100 | D:3      | Reached skill level 1 in Fire Magic
  1200 | D:3      | Found a glowing drain.
  1217 | D:3      | Reached XP level 5. HP: 21/38 MP: 1/9
  1368 | Sewer    | Entered a sewer
  1990 | Sewer    | Reached XP level 6. HP: 46/46 MP: 10/10
  2325 | D:3      | Noticed Terence
  2347 | D:3      | Noticed Sigmund
  2397 | D:4      | Found a shadowy altar of Dithmenos.
  2402 | D:4      | Found a sacrificial altar of Ru.
  2459 | D:5      | Entered Level 5 of the Dungeon
  2480 | D:5      | Identified the +3 dagger "Dilafimi" {vorpal, Contam Fly
                  | rCorr Int+9}
  2491 | D:5      | Noticed a water moccasin
  2525 | D:5      | Found a staircase to the Ecumenical Temple.
  2530 | Temple   | Entered the Ecumenical Temple
  2741 | D:5      | Found a hide-covered altar of Uskayaw.
  2820 | D:5      | Reached XP level 7. HP: 43/52 MP: 12/12
  2999 | D:6      | Reached skill level 5 in Conjurations
  3194 | D:6      | Noticed a water moccasin
  3202 | D:6      | Killed a water moccasin
  3203 | D:6      | Reached XP level 8. HP: 58/58 MP: 14/14
  3297 | D:6      | Found a shimmering blue altar of Sif Muna.
  3428 | D:6      | Reached skill level 5 in Spellcasting
  3534 | D:7      | Noticed a wizard
  3571 | D:7      | Found a sparkling altar of Nemelex Xobeh.
  3579 | D:7      | Found Jilihy's General Store.
  3591 | D:8      | Found a glowing golden altar of the Shining One.
  3702 | D:9      | Noticed a troll
  3729 | D:9      | Killed a troll
  3761 | D:9      | Noticed Harold
  3838 | D:7      | Found a flagged portal.
  3845 | Bailey   | Entered a bailey
  3986 | Bailey   | Reached XP level 9. HP: 43/64 MP: 14/18
  4469 | Bailey   | Reached skill level 5 in Fighting
  4469 | Bailey   | Reached skill level 5 in Armour
  4475 | Bailey   | HP: 3/68 [orc warrior/+0 battleaxe (17)]
  4519 | Bailey   | Learned a level 3 spell: Spider Form
  4585 | Bailey   | Reached skill level 1 in Transmutations
  4721 | Bailey   | Noticed an orc warlord
  4958 | Bailey   | Slain by an orc warrior

Illustrated notes

Levels and vault maps discovered:
D:1:      co_arrival_two_rings, layout_loops_ring
D:2:      layout_basic, hellmonk_ecumenical_altar_blasted, uniq_jessica
D:3:      layout_loops_cross, kennysheep_vampire_church, portal_sewer_entry_a,
          kennysheep_generic_room_9, uniq_terence, uniq_sigmund, uniq_ijyb
D:4:      layout_loops_corners, mainiacjoe_overflow_catwalk_spiral,
          minmay_misc_feat_columns
D:5:      layout_cave_pools, lemuel_crystal_altar,
          minmay_temple_entry_overgrown, serial_park_tiny_2,
          uniq_crazy_yiuf_cottage
D:6:      layout_basic, mainiacjoe_overflow_24_doors
D:7:      cheibrodos_wizards_tower, layout_cave_pools,
          mainiacjoe_overflow_cross_hatched, fedhas_altar_fruit_tree,
          serial_shops, shop, enter_bailey_3, minmay_increasing_density
D:8:      cheibrodos_shockbox, layout_basic,
          mainiacjoe_overflow_concentric_impassable, serial_shops, shop
D:9:      minmay_goldmine, layout_irregular_city, serial_co_window_serial,
          co_window_paths_a, co_window_cross_1, co_window_paths_b,
          co_window_paths_a, co_window_paths_a, co_window_paths_b,
          co_window_paths_a, co_window_paths_c, co_window_paths_c,
          co_window_of_opportunity_c, co_window_unsneaky_path_e,
          co_window_4corner_a, glass_columns_b, glass_columns_c,
          kennysheep_potato, uniq_harold
Temple:   nicolae_temple_bog_church
Bailey:   bailey_axe_minmay_hex_keep, bailey

Skill      XL: |  1  2  3  4  5  6  7  8  9 |
---------------+----------------------------+-----
Dodging        | 2 4 |  4.1
Fighting       | 1 2 3 5 |  5.0
Armour         | 1 2 3 5 |  5.2
Conjurations   | 4 5 6 |  6.0
Fire Magic     | 1 2 3 4 |  4.0
Spellcasting   | 3 4 6 |  6.3
Transmutations | 2 |  2.7
Stealth        | |  2.4

Action                   |  1- 3 |  4- 6 |  7- 9 || total
-------------------------+-------+-------+-------++-------
Melee: Unarmed           |     1 |       |       ||     1
       Dagger            |     1 |     7 |    57 ||    65
       Trident           |       |    17 |       ||    17
 Cast: Magic Dart        |    55 |    89 |    33 ||   177
       Searing Ray       |     5 |    21 |    51 ||    77
       Conjure Flame     |       |       |     1 ||     1
       Spider Form       |       |       |     2 ||     2
 Abil: Shaft Self        |     1 |       |       ||     1
       Dig               |       |     1 |       ||     1
  Use: Scroll            |       |     5 |     7 ||    12
 Stab: Sleeping          |       |     2 |       ||     2
Armor: Robe              |     5 |    19 |     2 ||    26
       Troll leather arm |       |       |    13 ||    13
Dodge: Dodged            |     8 |    25 |    85 ||   118
